Map: Newkirk Precinct TE (Void)

Players

Twister

  • Race: Terran Terran
  • League: Silver
  • Spawn Location: 5:00

&lt;CFeS&gt;<sp/>Balika - Winner!

  • Race: Terran Terran
  • Spawn Location: 7:00

Balika

  • Race: Protoss Protoss
  • League: Silver

VOD

Have the link to the VOD?

Description

Time

  • Played on: Dec. 19, 2016, 4:35 p.m.
  • Length: 9:58
Show
View Real Time Build Order
Export as new Build Order

Twister Terran 

Build Orders:  

Get SALT Encoding   

  12  0:02  SCV  
  14  0:14  SCV  
  14  0:20  Supply Depot  
  14  0:26  SCV  
  15  0:41  SCV  
  16  0:44  Barracks  
  16  0:53  SCV  
  17  1:06  SCV  
  18  1:18  SCV  
  19  1:22  Command Center  
  19  1:32  Supply Depot  
  19  1:38  Orbital Command  
  19  1:49  Barracks  
  19  2:03  Barracks  
  19  2:04  Marine  
  20  2:19  Supply Depot  
  20  2:22  Marine  
  21  2:32  Engineering Bay  
  21  2:38  Orbital Command  
  21  2:39  Marine  
  22  2:46  SCV  
  23  2:55  Supply Depot  
  23  2:57  Marine  
  23  2:58  SCV  
  25  2:59  Marine  
  26  3:06  SCV  
  26  3:10  SCV  
  28  3:17  Barracks  
  28  3:18  SCV  
  29  3:22  SCV  
  30  3:30  SCV  
  30  3:32  Bunker  
  30  3:33  Missile Turret  
  31  3:34  SCV  
  31  3:38  Missile Turret  
  32  3:42  Marine, SCV  
  32  3:43  Marine  
  32  3:46  SCV  
  36  3:54  SCV  
  37  3:55  Barracks  
  37  3:58  Marine, SCV  
  37  4:00  Marine x2  
  41  4:05  Marine  
  41  4:07  SCV  
  43  4:10  SCV  
  43  4:16  Marine  
  45  4:17  Marine  
  45  4:18  Marine  
  45  4:19  SCV  
  45  4:22  Marine  
  45  4:23  Supply Depot, SCV  
  45  4:24  Supply Depot  
  50  4:31  SCV  
  51  4:34  Marine  
  51  4:35  Marine, SCV  
  54  4:42  Command Center  
  54  4:43  Marine x3, SCV  
  58  4:47  SCV  
  58  4:51  Marine  
  60  4:53  Marine  
  61  5:00  Barracks  
  61  5:01  Marine x3  
  61  5:03  Barracks  
  61  5:05  SCV x2  
  66  5:09  Marine  
  67  5:17  SCV x2  
  67  5:19  Marine  
  67  5:20  Marine x3  
  73  5:27  Marine  
  74  5:29  SCV x2  
  73  5:37  Marine  
  73  5:38  Marine x3  
  70  5:45  Marine  
  71  5:52  Bunker  
  71  5:55  Marine x2  
  71  5:56  Marine x2  
  75  6:02  Barracks  
  75  6:03  Marine  
  76  6:09  Barracks, Orbital Command  
  76  6:13  Marine x3  
  76  6:14  Marine  
  76  6:15  Marine  
  76  6:16  Marine  
  82  6:21  Marine  
  83  6:27  Supply Depot  
  83  6:28  Supply Depot  
  83  6:31  Marine x4, Supply Depot  
  87  6:33  Marine x2  
  87  6:38  Marine  
  90  6:49  Marine x4  
  90  6:51  Marine x2  
  96  6:55  Marine  
  96  6:56  Marine x2  
  96  6:58  Command Center  
  99  7:06  Marine  
  99  7:07  Marine x3  
  103  7:09  Marine x2  
  103  7:13  Marine x2  
  103  7:14  Marine  
  108  7:24  Marine x2  
  108  7:25  Marine x2  
  108  7:27  Marine x2  
  114  7:30  SCV  
  114  7:31  SCV x2  
  117  7:40  Marine x3  
  117  7:42  Marine x3, SCV  
  117  7:43  Marine, SCV x2  
  127  7:45  Marine x2  
  129  7:54  SCV  
  129  7:55  SCV  
  131  7:58  Marine x3  
  131  8:00  Marine x4  
  131  8:01  Barracks  
  131  8:02  Marine  
  131  8:03  Barracks x2, Marine  
  140  8:06  Barracks  
  135  8:13  SCV x2  
  135  8:14  SCV  
  135  8:16  Marine x3  
  135  8:18  Marine x4  
  131  8:20  Marine x2  
  131  8:25  Barracks  
  130  8:30  Orbital Command  
  130  8:32  SCV x3  
  133  8:34  Marine x3  
  133  8:35  Marine  
  136  8:44  SCV x2  
  136  8:45  SCV  
  136  8:47  Supply Depot  
  137  8:49  Supply Depot  
  137  8:50  Supply Depot  
  137  8:51  Supply Depot  
  137  8:56  Marine, SCV  
  137  8:57  Marine x12, SCV x2  
  152  9:14  Marine  
  147  9:40  Barracks  
  147  9:41  Barracks  
  147  9:42  Barracks  
  147  9:43  Barracks  
Show
View Real Time Build Order
Export as new Build Order

&lt;CFeS&gt;<sp/>Balika Terran - Winner!

Build Orders:  

Get SALT Encoding   

  12  0:01  Probe (Chrono Boost)  
  13  0:11  Probe (Chrono Boost)  
  14  0:21  Pylon  
  14  0:22  Probe (Chrono Boost)  
  15  0:39  Probe (Chrono Boost)  
  16  0:48  Assimilator  
  17  0:50  Probe (Chrono Boost)  
  17  0:51  Gateway  
  17  1:00  Probe (Chrono Boost)  
  17  1:01  Pylon  
  18  1:11  Probe (Chrono Boost)  
  19  1:23  Probe (Chrono Boost)  
  20  1:34  Zealot  
  22  1:43  Cybernetics Core  
  22  1:46  Gateway  
  22  1:48  Assimilator  
  22  2:04  Pylon  
  22  2:17  Adept  
  24  2:23  Warp Gate  
  24  2:32  Adept  
  26  2:42  Zealot  
  28  2:52  Pylon  
  28  2:57  Adept  
  30  3:07  Stalker  
  32  3:21  Probe (Chrono Boost)  
  32  3:22  Pylon  
  32  3:24  Adept  
  35  3:33  Probe (Chrono Boost)  
  36  3:36  Adept  
  38  3:45  Probe (Chrono Boost)  
  39  3:50  Adept  
  39  3:51  Forge  
  42  3:57  Probe (Chrono Boost)  
  42  4:02  Adept  
  42  4:09  Probe (Chrono Boost)  
  45  4:15  Adept  
  45  4:20  Probe (Chrono Boost)  
  48  4:47  Protoss Ground Weapons Level 1  
  48  4:53  Sentry  
  48  4:54  Gateway  
  48  4:56  Pylon  
  50  5:01  Stalker  
  52  5:10  Nexus  
  52  5:15  Sentry  
  54  5:23  Stalker  
  56  5:32  Pylon  
  54  5:37  Stalker  
  42  5:45  Zealot  
  40  5:53  Adept  
  42  6:00  Stalker  
  44  6:08  Stalker  
  46  6:16  Stalker  
  48  6:19  Twilight Council  
  48  6:24  Probe (Chrono Boost), Zealot  
  51  6:27  Probe (Chrono Boost)  
  52  6:35  Probe (Chrono Boost)  
  52  6:37  Protoss Ground Armor Level 1  
  52  6:38  Probe (Chrono Boost)  
  54  6:45  Sentry  
  57  6:47  Probe (Chrono Boost)  
  57  6:49  Blink  
  57  6:50  Probe (Chrono Boost)  
  57  6:53  Sentry  
  59  6:58  Probe (Chrono Boost)  
  61  7:02  Probe (Chrono Boost)  
  61  7:03  Adept  
  63  7:10  Probe (Chrono Boost)  
  63  7:14  Robotics Facility  
  64  7:17  Probe (Chrono Boost)  
  64  7:21  Probe (Chrono Boost)  
  66  7:28  Probe (Chrono Boost)  
  66  7:29  Photon Cannon  
  67  7:32  Probe (Chrono Boost)  
  68  7:39  Probe (Chrono Boost)  
  68  7:40  Photon Cannon  
  68  7:43  Probe (Chrono Boost)  
  70  7:47  Pylon  
  70  7:51  Probe (Chrono Boost), Pylon  
  71  7:55  Probe (Chrono Boost)  
  72  8:00  Stargate, Observer  
  72  8:02  Probe (Chrono Boost)  
  75  8:06  Forge  
  75  8:07  Probe (Chrono Boost)  
  75  8:11  Sentry  
  75  8:14  Probe (Chrono Boost)  
  75  8:19  Zealot  
  65  8:20  Observer  
  65  8:22  Probe (Chrono Boost)  
  65  8:25  Assimilator  
  55  8:27  Zealot  
  55  8:34  Mothership Core (Chrono Boost)  
  56  8:35  Adept  
  56  8:38  Zealot  
  47  8:46  Assimilator, Zealot  
  39  8:55  Stalker  
  39  8:57  Stalker  
  39  9:06  Zealot  
  36  9:15  Nexus  
  30  9:24  Pylon  
Show
View Real Time Build Order
Export as new Build Order

Balika Protoss 

Build Orders:  

Get SALT Encoding   

Tags
 
Add a new tag
Caveats
  • Supply blocks, unpowered buildings, or Contaminate may cause inaccurate times.
  • Supply counts are checked every 10 seconds.